 Dungeon Crawl Stone Soup version 0.21.1-1-g345015f (webtiles) character file.

1595 tkdonut the Cleaver (level 8, -9/73 HPs)
             Began as a Hill Orc Berserker on July 5, 2018.
             Was an Elder of Trog.
             Splashed by a jelly's acid (10 damage)
             ... on level 5 of the Dungeon on July 6, 2018.
             The game lasted 00:13:43 (6224 turns).

tkdonut the Cleaver (Hill Orc Berserker)            Turns: 6224, Time: 00:13:44

Health: -9/73      AC:  8    Str: 22      XL:     8   Next: 93%
Magic:  8/8        EV:  9    Int:  7      God:    Trog [****..]
Gold:   195        SH:  0    Dex:  9 (10) Spells: 7/7 levels left

rFire    . . .     SeeInvis .   w - +0 war axe
rCold    . . .     Gourm    .   (no shield)
rNeg     . . .     Faith    .   x - +0 chain mail
rPois    .         Spirit   .   (no helmet)
rElec    .         Reflect  .   l - +0 cloak
rCorr    .         Harm     .   (no gloves)
MR       .....                  h - +0 pair of boots
Stlth    ..........             (no amulet)
HPRegen  0.22/turn              (no ring)
MPRegen  0.11/turn              (no ring)

@: corroded, berserk cooldown
A: no striking features
a: Berserk, Trog's Hand, Brothers in Arms, Burn Spellbooks, Renounce Religion


You were on level 5 of the Dungeon.
You worshipped Trog.
Trog was greatly pleased with you.
You were not hungry.

You visited 1 branch of the dungeon, and saw 6 of its levels.

You collected 195 gold pieces.

Inventory:

Hand Weapons
 a - a +0 hand axe
 i - a +1 short sword of speed
 w - a +0 war axe (weapon)
Armour
 b - a +0 animal skin
 e - a +0 leather armour
 h - a +0 pair of boots (worn)
 l - a +0 cloak (worn)
 m - a +0 ring mail
 x - a +0 chain mail (worn)
Jewellery
 n - an uncursed ring of ice
Wands
 v - a wand of disintegration (8)
Scrolls
 d - 2 scrolls of fog {unknown}
 g - 3 scrolls of remove curse
 k - 4 scrolls of teleportation {unknown}
 q - 2 scrolls of identify
 t - a scroll of magic mapping {unknown}
 u - 3 scrolls of amnesia {unknown}
 y - a scroll of torment {unknown}
Potions
 f - a potion of curing
 j - a potion of lignification {unknown}
 o - a potion of degeneration {unknown}
 p - a potion of cancellation {unknown}
 r - a potion of brilliance {unknown}
 s - a potion of might {unknown}
 z - a potion of flight {unknown}
Comestibles
 c - 2 rations


   Skills:
 + Level 7.1 Fighting
 + Level 9.3 Axes
 + Level 6.3 Armour
 + Level 3.8 Dodging
 - Level 0.8 Stealth


You had 7 spell levels left.
You didn't know any spells.

Dungeon Overview and Level Annotations

Branches:
Dungeon (6/15)             Temple (0/1) D:6

Altars:
Dithmenos
Hepliaklqana
Kikubaaqudgha
Qazlal
Trog
Wu Jian
Yredelemnul

Shops:
D:4 !

Annotations:
D:6 Dowan, Duvessa


Message History

The shadow imp gestures at you.
You struggle to resist.
The jelly hits you but does no damage.
You closely miss the shadow imp. You slash the jelly!
Your hands burn!
* * * LOW HITPOINT WARNING * * *
The shadow imp hits you but does no damage.
The jelly hits you.
* * * LOW HITPOINT WARNING * * *
The acid corrodes you!
You are splashed with acid!
The acid burns!
* * * LOW HITPOINT WARNING * * *
You're still recovering from your berserk rage.
You slash the shadow imp!
You kill the shadow imp!
Trog accepts your kill.
You hit the jelly.
Your hands burn!
* * * LOW HITPOINT WARNING * * *
The jelly barely misses you. The jelly hits you.
* * * LOW HITPOINT WARNING * * *
You are splashed with acid!
The acid burns!
You die...

#.#####...###.[....###...#####...
#.##........###.##...............
#<..............#..###.#.#####...
#.#####..##.###.#..# #.#.# #...
#.# #..##.###.#..###.#.# #.#' #.#
#..................# #.#. #.#
##.##.###.#.####.### #.#.
#.######.##.###J#.####<#######.#.
#..............>@................
########.######.#.####.##.####.##
#.######.#.# #.##.####.##
#........#.# #...........
#.#.####.#.####'##'####.## #.#.#
#.#..........# #.# #.#.#
#.#..........# #.# #.#.#
##.#..........###.#
#[#.###.................#


You could see a jelly.

Vanquished Creatures
  Pikel (D:5)
  The ghost of diana the Slasher, an amateur DrFi (D:4)
  Eustachio (D:5)
  A human (D:5)
  An ice beast (D:5)
  2 slaves (D:5)
  2 crimson imps (D:5)
  A quasit (D:6)
  A hound (D:4)
  A jelly (D:5)
  3 orc wizards (D:4)
  An orc priest (D:4)
  An iguana (D:5)
  4 worker ants
  A hound skeleton (D:4)
  A worker ant zombie (D:5)
  9 adders
  A shadow imp (D:5)
  An ooze (D:3)
  An adder skeleton (D:5)
  5 worms
  5 dart slugs
  4 leopard geckos
  16 orcs
  6 giant cockroaches
  3 goblins
  7 hobgoblins
  6 jackals
  4 quokkas
  3 ball pythons
  8 bats
  5 frilled lizards
  A goblin skeleton (D:5)
  A jackal skeleton (D:4)
  7 kobolds
  A leopard gecko skeleton (D:5)
  10 rats
  4 rat zombies (D:4)
131 creatures vanquished.

Vanquished Creatures (others)
  A quokka (D:5)
1 creature vanquished.

Grand Total: 132 creatures vanquished

Notes
Turn   | Place    | Note
-------+----------+-------------------------------------------
     0 | D:1      | tkdonut the Hill Orc Berserker began the quest for the Orb.
     0 | D:1      | Reached XP level 1. HP: 19/19 MP: 1/1
   284 | D:1      | Reached XP level 2. HP: 26/27 MP: 2/2
   614 | D:2      | Found an ornate altar of the Wu Jian Council.
   687 | D:2      | Found a stormy altar of Qazlal.
   695 | D:2      | Reached ** piety under Trog
   695 | D:2      | Reached XP level 3. HP: 33/33 MP: 3/3
   728 | D:2      | Found a bloodstained altar of Trog.
  1206 | D:2      | Reached skill level 5 in Axes
  1536 | D:2      | Reached XP level 4. HP: 38/41 MP: 4/4
  1748 | D:3      | Found a shadowy altar of Dithmenos.
  1899 | D:3      | Reached XP level 5. HP: 29/47 MP: 5/5
  2525 | D:3      | Reached *** piety under Trog
  2934 | D:4      | Found a glowing drain.
  2942 | D:4      | Noticed diana's ghost (amateur DrFi)
  2953 | D:3      | Reached skill level 6 in Axes
  3239 | D:4      | Reached skill level 5 in Fighting
  3239 | D:4      | Reached XP level 6. HP: 38/56 MP: 6/6
  3241 | D:4      | Killed diana's ghost
  3241 | D:4      | Reached skill level 7 in Axes
  3528 | D:4      | Reached XP level 7. HP: 61/61 MP: 7/7
  3720 | D:4      | Found Mouqifig's Distillery.
  3963 | D:4      | Reached **** piety under Trog
  4070 | D:4      | Found an ancient bone altar of Kikubaaqudgha.
  4115 | D:4      | Found a basalt altar of Yredelemnul.
  4429 | D:5      | Entered Level 5 of the Dungeon
  4437 | D:5      | Reached skill level 8 in Axes
  4437 | D:5      | Reached skill level 5 in Armour
  5159 | D:5      | Noticed Eustachio
  5174 | D:5      | Killed Eustachio
  5174 | D:5      | Reached XP level 8. HP: 70/70 MP: 8/8
  5255 | D:5      | Noticed Pikel
  5269 | D:5      | Killed Pikel
  5269 | D:5      | Reached skill level 9 in Axes
  5516 | D:5      | Found a runed door.
  5525 | D:5      | Found a basalt altar of Yredelemnul.
  5640 | D:5      | Found a hazy altar of Hepliaklqana.
  6177 | D:6      | Found a staircase to the Ecumenical Temple.
  6201 | D:6      | Noticed Dowan
  6202 | D:6      | Noticed Duvessa
  6223 | D:5      | HP: 1/73 [acid (3)]
  6224 | D:5      | Splashed by a jelly's acid

Skill      XL: |  1  2  3  4  5  6  7  8 |
---------------+-------------------------+-----
Fighting       | 4 5 6 7 |  7.1
Axes           | 5 6 7 8 9 |  9.3
Armour         | 3 4 5 6 |  6.3
Dodging        | 2 3 |  3.8
Stealth        | |  0.8

Action                   |  1- 3 |  4- 6 |  7- 9 || total
-------------------------+-------+-------+-------++-------
Melee: Hand axe          |    95 |   175 |    67 ||   337
       War axe           |       |       |   114 ||   114
Invok: Berserk           |       |     3 |     6 ||     9
  Use: Scroll            |     2 |       |     1 ||     3
  Eat: Chunk             |     2 |     8 |     9 ||    19
       Ration            |       |       |     2 ||     2
Armor: Animal skin       |     8 |       |       ||     8
       Ring mail         |    38 |    75 |    26 ||   139
       Chain mail        |       |       |   101 ||   101
Dodge: Dodged            |    57 |   112 |   138 ||   307
